 Dungeon Crawl Stone Soup version 0.21-a0-641-geef9d7f (webtiles) character file.

118 kae the Shield-Bearer (level 4, -9/41 HPs)
             Began as a Minotaur Fighter on Dec 30, 2017.
             Mangled by an ogre
             ... wielding a +0 giant club
              (21 damage)
             ... on level 3 of the Dungeon.
             The game lasted 00:01:32 (2099 turns).

kae the Shield-Bearer (Minotaur Fighter)            Turns: 2099, Time: 00:01:33

Health: -9/41      AC:  7    Str: 21    XL:     4   Next: 72%
Magic:  3/3        EV:  7    Int:  6    God:
Gold:   123        SH:  9    Dex:  9    Spells: 3/3 levels left

rFire    . . .     SeeInvis .   a - +0 long sword
rCold    . . .     Gourm    .   c - +0 shield
rNeg     . . .     Faith    .   b - +0 scale mail
rPois    .         Spirit   .   (helmet restricted)
rElec    .         Reflect  .   (no cloak)
rCorr    .         Harm     .   (no gloves)
MR       .....                  (no boots)
Stlth    ..........             (no amulet)
HPRegen  0.13/turn              (no ring)
MPRegen  0.08/turn              (no ring)

@: no status effects
A: retaliatory headbutt, horns 2
a: no special abilities


You were on level 3 of the Dungeon.
You were not hungry.

You visited 1 branch of the dungeon, and saw 3 of its levels.

You collected 123 gold pieces.

Inventory:

Hand Weapons
 a - a +0 long sword (weapon)
Armour
 b - a +0 scale mail (worn)
 c - a +0 shield (worn)
Jewellery
 g - an uncursed ring of poison resistance {unknown}
Scrolls
 i - a scroll of identify
Potions
 d - a potion of might
 e - a potion of heal wounds
 h - a potion of haste
 j - a potion of mutation {unknown}
Comestibles
 f - 11 rations


   Skills:
 + Level 4.3 Fighting
 * Level 4.2 Long Blades
 + Level 4.4 Armour
 + Level 4.4 Shields


You had 3 spell levels left.
You didn't know any spells.

Dungeon Overview and Level Annotations

Branches:
Dungeon (3/15)

Altars:


Innate Abilities, Weirdness & Mutations

You reflexively headbutt those who attack you in melee.
You have a pair of horns on your head.


Message History

You are too injured to fight recklessly!
You slash the ogre!
The ogre is moderately wounded.
The ogre hits you with a giant club.
* * * LOW HITPOINT WARNING * * *
You hit the ogre.
The ogre is heavily wounded.
You block the ogre's attack.
You hit the ogre but do no damage.
You headbutt the ogre, but do no damage.
The ogre is heavily wounded.
You block the ogre's attack.
You hit the ogre. You headbutt the ogre!
The ogre is almost dead.
You block the ogre's attack.
You hit the ogre but do no damage. Your headbutt misses the ogre.
The ogre is almost dead.
The ogre hits you with a giant club!!
Ouch! That really hurt!
You die...

#.........######.#
# ###.##.....# #
###.##.....#
..#.##.....#
##.#.##....)#
###..#.##.....#
....#.##.....#
.####..#.#####.##
...)..†#@# #..)O.#
#..#### #.< #. #


You could see an ogre.

Vanquished Creatures
  4 adders (D:2)
  2 oozes (D:2)
  2 worms (D:2)
  A dart slug (D:2)
  4 leopard geckos
  An orc (D:3)
  A giant cockroach (D:2)
  11 hobgoblins
  5 bats
  5 frilled lizards
  7 goblins
  10 kobolds
  9 rats
62 creatures vanquished.

Notes
Turn   | Place    | Note
-------+----------+-------------------------------------------
     0 | D:1      | kae the Minotaur Fighter began the quest for the Orb.
     0 | D:1      | Reached XP level 1. HP: 19/19 MP: 0/0
   159 | D:1      | Reached XP level 2. HP: 22/27 MP: 1/1
   652 | D:2      | Reached XP level 3. HP: 29/33 MP: 2/2
  1032 | D:2      | Reached XP level 4. HP: 30/40 MP: 3/3
  2092 | D:3      | Noticed an ogre
  2099 | D:3      | Mangled by an ogre

Vault maps used:
D:1:      minmay_arrival_semitransparent
D:2:      kennysheep_six_static_rooms
D:3:      first_ration, grunt_decor_clamped, uniq_terence

Skill      XL: |  1  2  3  4 |
---------------+-------------+-----
Long Blades    | 3 4 |  4.2
Fighting       | 4 |  4.3
Armour         | 4 |  4.4
Shields        | 4 |  4.4

Action                   |  1- 3 |  4- 6 || total
-------------------------+-------+-------++-------
Melee: Long sword        |    73 |    76 ||   149
       Headbutt          |    10 |    16 ||    26
  Use: Scroll            |     2 |     2 ||     4
  Eat: Chunk             |       |     4 ||     4
Armor: Scale mail        |    44 |    26 ||    70
Dodge: Dodged            |    25 |    18 ||    43
Block: Shield            |    47 |    40 ||    87
       Rpst.: Long sword |     5 |     4 ||     9

Table legend:
 A = Spawn XP
 B = Non-spawn XP
 C = Spawn XP percentage of total XP
 D = Spawn monster count
 E = Non-spawn monster count
 F = Spawn count percentage of total count
 G = Total turns spent on level
                    A         B        C        D         E        F      G
               +---------+---------+-------+---------+---------+-------+---------
         Total |       0 |     169 |   0.0 |       0 |      62 |   0.0 |  2099
               +---------+---------+-------+---------+---------+-------+---------
           D:1 |       0 |      27 |   0.0 |       0 |      20 |   0.0 |   530
           D:2 |       0 |     127 |   0.0 |       0 |      35 |   0.0 |  1445
           D:3 |       0 |      15 |   0.0 |       0 |       7 |   0.0 |   124
               +---------+---------+-------+---------+---------+-------+---------
